 Dungeon Crawl Stone Soup version 0.32-a0-361-g289a535e89 (webtiles) character file.

Game seed: 16651609672716518073

504 CougarLife the Digger (level 7, -6/36 HPs)
             Began as a Gargoyle Earth Elementalist on Feb 18, 2024.
             Killed by divine providence
             ... invoked by an orc priest
              (9 damage)
             ... on level 4 of the Dungeon.
             The game lasted 00:05:00 (4212 turns).

CougarLife the Digger (Gargoyle Earth Elementalist) Turns: 4212, Time: 00:05:00

Health: -6/36      AC:  6    Str: 12    XL:     7   Next: 17%
Magic:  1/13       EV: 11    Int: 17    God:
Gold:   137        SH:  0    Dex: 10    Spells: 10/14 levels left

rFire   . . .        l - +3 dagger (venom)
rCold   . . .        (no shield)
rNeg    + . .        a - +0 robe
rPois   ∞            (no helmet)
rElec   +            (no cloak)
rCorr   .            (no gloves)
SInv    .            (no boots)
Will    .....        (no amulet)
Stlth   ++           (no ring)
HPRegen 0.26/turn    (no ring)
MPRegen 0.13/turn

%: no passive effects
@: no status effects
A: sickness immunity, AC +4, negative energy resistance 1, electricity
resistance, torment resistance 1, petrification resistance
a: Convert to Beogh


You were on level 4 of the Dungeon.
You visited 1 branch of the dungeon, and saw 4 of its levels.
You also visited: Sewer.

You collected 254 gold pieces.
You spent 117 gold pieces at shops.

Inventory:

Hand Weapons
 l - a +3 dagger of venom (weapon)
Armour
 a - a +0 robe (worn)
Scrolls
 c - a scroll of enchant weapon
 e - a scroll of revelation
 f - a scroll of torment
 i - 2 scrolls of teleportation
 k - a scroll of immolation {unknown}
 o - a scroll of silence {unknown}
 p - 2 scrolls of amnesia {unknown}
Potions
 b - a potion of magic
 g - a potion of curing
 h - a potion of resistance
 j - a potion of lignification
 m - a potion of mutation {unknown}
 n - 4 potions of enlightenment
 q - a potion of heal wounds {unknown}
 r - a potion of cancellation {unknown}


   Skills:
 - Level 1.5 Dodging
 - Level 2.1 Stealth
 + Level 4.3 Spellcasting
 + Level 4.5 Conjurations
 + Level 6.2 Earth Magic


You had 10 spell levels left.
You knew the following spells:

 Your Spells              Type           Power      Damage    Failure   Level
a - Sandblast             Erth           48%        2d12      1%          1
b - Stone Arrow           Conj/Erth      44%        3d9       4%          3

Your spell library contained the following spells:

 Spells                   Type           Power      Damage    Failure   Level
 Passwall                 Erth           24%        N/A       3%          3
 Brom's Barrelling Bould  Conj/Erth      22%        2d4       17%         4
 Petrify                  Alch/Erth      14%        N/A       38%         4


Dungeon Overview and Level Annotations

Branches:
Dungeon (4/15)              Sewer (visited)
 Temple: D:4-7

Altars:
Yredelemnul

Shops:
D:3 ?([


Innate Abilities, Weirdness & Mutations

You are immune to sickness and miasma.
Your stone body is resilient. (AC +4)
You are immune to poison.
You resist negative energy. (rN+)
You are resistant to electric shocks. (rElec)
You are resistant to unholy torment.
You are immune to petrification.


Message History

The blast of sand misses the orc priest.
Something hits you. The orc priest barely misses you.
The blast of sand misses the orc priest.
Something hits you but does no damage.
The orc priest mumbles some strange prayers to Beogh against you.
Pain shoots through your body! The orc priest barely misses you.
Something hits you.
The blast of sand hits the orc priest.
The orc priest is severely wounded.
Something hits you but does no damage.
The orc priest hits you but does no damage.
The blast of sand hits the orc priest but does no damage.
The orc priest is severely wounded.
The orc priest hits you but does no damage.
Something hits you. x2
The orc priest hits you but does no damage.
Casting: Sandblast (safe; 1% risk of failure)
Confirm with . or Enter, or press ? or * to list all spells.
Aiming: Sandblast (safe; 1% risk of failure)
Press: ? - help, Shift-Dir - straight line, f/p - orc priest
Aim: an orc priest, wielding a +0 dagger and wearing a +0 scale mail (severely wounded, 85% to hit)
The blast of sand misses the orc priest.
The orc priest shouts, "Beogh offers mercy even to people such as you.
Join us and be reborn!"
Something hits you but does no damage.
The orc priest mumbles some strange prayers to Beogh against you.
Beogh smites you!
* * * LOW HITPOINT WARNING * * *
Casting: Sandblast (safe; 1% risk of failure)
Confirm with . or Enter, or press ? or * to list all spells.
Aiming: Sandblast (safe; 1% risk of failure)
Press: ? - help, Shift-Dir - straight line, f/p - orc priest
Aim: an orc priest, wielding a +0 dagger and wearing a +0 scale mail (severely wounded, 85% to hit)
The blast of sand hits the orc priest but does no damage.
The orc priest is severely wounded.
The orc priest hits you with a +0 dagger.
* * * LOW HITPOINT WARNING * * *
Something hits you but does no damage.
The orc priest invokes the aid of Beogh against you.
Beogh smites you!
You die...

#...)......).#
#............# #...
#............# .....
#...........#
#.....#............
#.....#..........##
....). #.)........
#.....###.#@.......
##.#.......[o.......
#..##.#.)..######...
######.##'#..###...
. #.#.#....%.......#
).....o.............
....................
....................
................##..


You could see an orc priest.

Vanquished Creatures
  A brain worm (Sewer)
  An orc priest (D:3)
  An orc wizard (D:4)
  Natasha (thrice) (D:2)
  6 adders
  3 river rats (Sewer)
  9 ribbon worms
  2 dart slugs (Sewer)
  11 orcs
  11 ball pythons
  9 bats
  6 endoplasms
  6 giant cockroaches
  8 goblins
  3 hobgoblins
  7 jackals
  5 quokkas
  3 frilled lizards
  11 kobolds
  7 rats
113 creatures vanquished.

Notes
Turn   | Place    | Note
-------+----------+-------------------------------------------
     0 | D:1      | CougarLife the Gargoyle Earth Elementalist began the quest
                  | for the Orb.
     0 | D:1      | Reached XP level 1. HP: 10/10 MP: 3/3
   131 | D:1      | Reached XP level 2. HP: 14/15 MP: 0/5
   332 | D:1      | Reached skill level 4 in Earth Magic
   431 | D:1      | Reached XP level 3. HP: 19/19 MP: 3/6
  1266 | D:2      | Reached XP level 4. HP: 24/24 MP: 6/8
  1377 | D:2      | Found a basalt altar of Yredelemnul.
  1436 | D:2      | Noticed Natasha
  1441 | D:2      | Killed Natasha
  1562 | D:2      | Reached XP level 5. HP: 28/28 MP: 7/9
  1654 | D:2      | Noticed Natasha
  1658 | D:2      | Killed Natasha
  1659 | D:2      | Reached skill level 5 in Earth Magic
  1691 | D:2      | Learned a level 3 spell: Stone Arrow
  1793 | D:2      | Noticed Natasha
  1796 | D:2      | Killed Natasha
  1958 | D:3      | Reached XP level 6. HP: 10/32 MP: 3/11
  2282 | D:3      | Found a glowing drain.
  2294 | Sewer    | Entered a sewer
  2853 | Sewer    | Reached skill level 6 in Earth Magic
  2971 | Sewer    | Reached XP level 7. HP: 19/36 MP: 4/13
  3374 | D:3      | Found Iqigag's Magic Scroll Boutique.
  3377 | D:3      | Bought a scroll of identify for 26 gold pieces
  3377 | D:3      | Bought a scroll of identify for 26 gold pieces
  3377 | D:3      | Bought a scroll of teleportation for 39 gold pieces
  3377 | D:3      | Bought a scroll of identify for 26 gold pieces
  3573 | D:3      | Found Voepp's Antique Armour Boutique.
  3724 | D:3      | Found Fuluinul's Antique Weapon Shop.
  4212 | D:4      | Killed from afar by an orc priest

Illustrated notes

Levels and vault maps discovered:
D:1:      kilobyte_arrival_exit_the_forest, layout_loops_cross, st_stairs_7,
          minmay_misc_feat_enclosed, skrybe_limestone_x, minmay_cut_off
D:2:      layout_rooms, basic_altar, uniq_natasha
D:3:      layout_basic, serial_shops, nicolae_shop_crystal,
          nicolae_diamond_shop, nicolae_shop_rolled_up,
          cheibrodos_sewer_entry_bend, hangedman_decor_points,
          grunt_ministairs_13
D:4:      layout_basic, amcnicky_mini_corridor_feature, minmay_manual_macuahuitl

Skill      XL: |  1  2  3  4  5  6 |
---------------+-------------------+-----
Earth Magic    | 4 5 6 |  6.2
Conjurations   | 2 3 4 |  4.5
Spellcasting   | 3 4 |  4.3
Dodging        | |  1.5
Stealth        | |  2.1

Action                     |  1- 3 |  4- 6 |  7- 9 || total
---------------------------+-------+-------+-------++-------
  Melee: Unarmed           |     7 |       |       ||     7
         Dagger            |    16 |     3 |    11 ||    30
   Cast: Sandblast         |    39 |   118 |    33 ||   190
    Use: Scroll            |       |       |     6 ||     6
   Stab: Sleeping          |     2 |       |       ||     2
 Armour: Robe              |    27 |    52 |    31 ||   110
  Dodge: Dodged            |    29 |    59 |    14 ||   102

Table legend: (Time is in decaauts)
 A = Elapsed time spent in this place.
 B = Non-inter-level travel time spent in this place.
 C = Inter-level travel time spent in this place.
 D = Time resting spent in this place.
 E = Time spent auto-exploring this place.
 F = Levels seen in this place.
 G = Mean time per level.
                   A        B        C        D        E       F      G
               +--------+--------+--------+--------+--------+-----+--------+
         Total |   4513 |   4397 |    116 |    227 |   3287 |   5 |  902.6 |
       Dungeon |   3320 |   3204 |    116 |     74 |   2465 |   4 |  830.0 |
         Sewer |   1192 |   1192 |      0 |    153 |    821 |   1 | 1192.0 |
               +--------+--------+--------+--------+--------+-----+--------+

Top non-repeatable levels by time:
     D:1: 1293 daAuts
   Sewer: 1192 daAuts
     D:3: 1164 daAuts
     D:2: 804 daAuts
     D:4: 58 daAuts
